 Dungeon Crawl Stone Soup version 0.28-a0-1629-gf728b707aa (webtiles) character file.

Game seed: 5675552593921525268

33347 Essalna the Geomancer (level 13, -7/113 HPs)
             Began as a Demigod Earth Elementalist on Jan 24, 2022.
             Mangled by a small abomination (9 damage)
             ... on level 6 of the Lair of Beasts.
             The game lasted 00:40:15 (23725 turns).

Essalna the Geomancer (Demigod Earth Elementalist) Turns: 23725, Time: 00:40:16

Health: -7/113     AC: 13    Str: 15    XL:     13   Next: 7%
Magic:  9/31       EV: 14    Int: 33    God:
Gold:   1170       SH:  0    Dex: 14    Spells: 24/32 levels left

rFire   . . .      SeeInvis .   k - staff of earth
rCold   . . .      Faith    .   (no shield)
rNeg    . . .      Spirit   .   P - +0 steam dragon scales
rPois   .          Reflect  .   t - +0 helmet
rElec   .          Harm     .   u - +1 cloak
rCorr   .          Rampage  .   G - +2 pair of gloves
Will    +....                   (no boots)
Stlth   ++........              s - amulet of the acrobat
HPRegen 0.28/turn               r - +6 ring of strength
MPRegen 0.22/turn               (no ring)

@: about to teleport
A: high mp 1, forlorn, divine attributes
a: no special abilities


You were on level 6 of the Lair of Beasts.
You visited 2 branches of the dungeon, and saw 14 of its levels.
You also visited: Ossuary and Bailey.

You collected 1170 gold pieces.

Inventory:

Hand Weapons
 a - a +0 whip of freezing
 d - a +1 mace of venom
 q - a +2 dagger of flaming
 E - a +4 trident of freezing
 S - the +9 trident "Ahinohis" {freeze, rF+ Will- Str+2}
   (You found it on level 1 of the Lair of Beasts)

   It freezes those it strikes, dealing additional cold damage.
   It can also slow down cold-blooded creatures.
   Str:       It affects your strength (+2).
   rF:        It protects you from fire.
   Will:      It decreases your willpower.
Missiles
 c - 504 stones
Armour
 b - a +0 robe
 t - a +0 helmet (worn)
 u - a +1 cloak (worn)
 G - a +2 pair of gloves (worn)
 P - +0 steam dragon scales (worn)
 W - a +2 robe of cold resistance
Magical Staves
 k - a staff of earth (weapon)
 Q - a staff of cold
Jewellery
 o - a +4 ring of evasion
 r - a +6 ring of strength (left hand)
 s - an amulet of the acrobat (around neck)
 V - a ring of ice
Wands
 f - a wand of acid (7)
 g - a wand of flame (27)
 v - a wand of paralysis (11)
 y - a wand of iceblast (21)
 D - a wand of digging (2)
 R - a wand of charming (4)
Scrolls
 j - a scroll of silence
 l - a scroll of enchant weapon
 m - 2 scrolls of immolation
 w - 3 scrolls of amnesia
 C - a scroll of vulnerability
 F - a scroll of fog
 H - a scroll of blinking {unknown}
 L - 6 scrolls of magic mapping
 N - 2 scrolls of enchant armour
 O - 3 scrolls of noise
Potions
 e - a potion of might
 h - 4 potions of degeneration
 i - a potion of resistance
 n - 2 potions of mutation
 p - a potion of magic
 x - 5 potions of brilliance
 z - a potion of attraction
 A - a potion of berserk rage
 B - 2 potions of lignification
 I - a potion of ambrosia
 J - a potion of invisibility
 K - a potion of flight
 M - 2 potions of haste


   Skills:
 + Level 9.8 Fighting
 + Level 5.8 Armour
 + Level 6.2 Dodging
 - Level 1.7 Stealth
 + Level 10.1 Spellcasting
 - Level 7.2 Conjurations
 + Level 1.8 Hexes
 + Level 1.8 Necromancy
 - Level 0.8 Transmutations
 + Level 11.1 Earth Magic


You had 24 spell levels left.
You knew the following spells:

 Your Spells              Type           Power      Damage    Failure   Level
a - Sandblast             Erth           100%       2d20      1%          1
b - Stone Arrow           Conj/Erth      100%       3d13      1%          3
c - Anguish               Hex/Necr       14%        N/A       13%         4

Your spell library contained the following spells:

 Spells                   Type           Power      Damage    Failure   Level
 Animate Skeleton         Necr           56%        N/A       1%          1
 Pain                     Necr           100%       1d9       1%          1
 Passwall                 Tmut/Erth      59%        N/A       1%          2
 Petrify                  Tmut/Erth      71%        N/A       2%          4
 Corpse Rot               Necr/Air       44%        N/A       3%          2
 Poisonous Vapours        Pois/Air       32%        N/A       4%          2
 Tukima's Dance           Hex            28%        N/A       4%          3
 Vampiric Draining        Necr           28%        2d8       4%          3
 Ozocubu's Armour         Ice            16%        N/A       9%          3
 Passage of Golubria      Tloc           16%        N/A       28%         4
 Agony                    Necr           28%        N/A       36%         5
 Excruciating Wounds      Necr           14%        N/A       36%         5
 Metabolic Englaciation   Hex/Ice        11%        N/A       47%         5
 Silence                  Hex/Air        11%        N/A       47%         5
 Simulacrum               Ice/Necr       11%        N/A       96%         6
 Lehudib's Crystal Spear  Conj/Erth      43%        10d10     99%         8
 Enfeeble                 Hex            14%        N/A       100%        7


Dungeon Overview and Level Annotations

Branches:
Dungeon (8/15)             Temple (0/1) D:4            Lair (6/6) D:8
  Swamp (0/4) Lair:3        Snake (0/4) Lair:2        Slime (0/5) Lair:5
Ossuary (visited)          Bailey (visited)

Shops:
D:6 [   D:8 *

Annotations:
Lair:2 2 transporters, Cam Moxe's ghost, journeyman OgHu
Lair:3 2 transporters, exclusion: 3 oklob plants, Tutuygh's ghost, journeyman KoWr
Lair:4 1 runed translucent door, bgiannan's ghost, journeyman GrFi
Lair:5 4 runed translucent doors, Gargoyl's ghost, journeyman GnAK
Lair:6 1 runed translucent door, Viceroy's ghost, journeyman BaIE


Innate Abilities, Weirdness & Mutations

You have an increased reservoir of magic. (+10% MP)
You shall have no god before yourself.
Your divine heritage dramatically boosts your attributes as you level up.


Message History

Casting: Stone Arrow (safe; 1% risk of failure)
Confirm with . or Enter, or press ? or * to list all spells.
Aiming: Stone Arrow (safe; 1% risk of failure)
Press: ? - help, Shift-Dir - straight line, f/p - spriggan
Aim: a spriggan, wielding a +1 rapier of distortion (55% to hit)
You feel a surge of power!
The stone arrow misses the spriggan.
The stone arrow hits the small abomination!
The small abomination is heavily damaged.
The blink frog blinks!
The small abomination hits you but does no damage.
The spriggan hits you but does no damage.
Space warps horribly around you!!
The blink frog blinks!
Casting: Stone Arrow (safe; 1% risk of failure)
Confirm with . or Enter, or press ? or * to list all spells.
Aiming: Stone Arrow (safe; 1% risk of failure)
Press: ? - help, Shift-Dir - straight line, f/p - spriggan
Aim: a spriggan, wielding a +1 rapier of distortion (55% to hit)
You feel a surge of power!
The stone arrow misses the spriggan.
The small abomination barely misses you.
The small abomination hits you! x2
* * * LOW HITPOINT WARNING * * *
The spriggan hits you with a +1 rapier of distortion.
* * * LOW HITPOINT WARNING * * *
Space warps horribly around you!
* * * LOW HITPOINT WARNING * * *
Casting: Stone Arrow (safe; 1% risk of failure)
Confirm with . or Enter, or press ? or * to list all spells.
Aiming: Stone Arrow (safe; 1% risk of failure)
Press: ? - help, Shift-Dir - straight line, f/p - spriggan
Aim: a spriggan, wielding a +1 rapier of distortion (55% to hit)
You feel a surge of power!
The stone arrow misses the spriggan.
The small abomination closely misses you.
The small abomination completely misses you.
The spriggan barely misses you.
Okay, then.
As you read the scroll of teleportation, it crumbles to dust.
You feel strangely unstable. The small abomination hits you!
* * * LOW HITPOINT WARNING * * *
The small abomination hits you!
You die...

♣....♣ ♣♣....♣ ♣###
♣♣....♣ ♣♣...♣ ♣.#.
♣....♣ ♣♣..♣ ♣... ♣.÷♣
♣♣♣♣†.♣ ♣.P. ♣..♣♣
♣.....♣ ♣..# ♣...♣
♣♣x...♣♣ ♣...
♣♣...♣♣♣x..♣.♣ ♣♣♣..#
♣...♣♣♣.xF♣♣♣♣♣♣♣♣♣....#
♣...♣♣♣@i.♣ ♣.♣.....##
♣♣♣..♣♣.x♣♣ ♣.♣(..♣♣#
♣...♣..♣ ♣♣.....♣
♣♣..÷.♣♣♣♣♣♣....♣♣♣
♣♣......♣...♣♣♣♣
♣♣♣♣......♣♣ ♣♣♣♣♣♣♣♣


You could see a blink frog, 4 small abominations and a spriggan.

Vanquished Creatures
  Fannar (Lair:2)
  A boulder beetle (Lair:4)
  6 hydras
  6 death yaks
  Urug (Lair:2)
  A lindwurm (Lair:6)
  3 elephants
  5 black mambas
  A cane toad (Lair:4)
  3 rime drakes
  Maggie (D:8)
  9 komodo dragons
  An ancient zyme (Lair:6)
  A polar bear (Lair:3)
  Grinder (D:5)
  20 blink frogs
  A tyrant leech (Lair:3)
  A slime creature (shapeshifter) (Lair:6)
  Sigmund (D:3)
  2 wyverns
  5 basilisks
  24 yaks
  A steam dragon (Lair:2)
  A large abomination (Lair:6)
  3 swamp worms (Lair:3)
  7 nagas (Lair:2)
  14 water moccasins
  5 orc warriors (Bailey)
  An ice beast (D:5)
  A necrophage (D:6)
  20 wolves
  5 centaurs
  6 ogres
  2 kobold brigands
  Blork the orc (D:5)
  A gnoll sergeant (D:6)
  A bullfrog (shapeshifter) (Lair:6)
  10 bullfrogs
  3 scorpions
  3 small abominations (Lair:6)
  3 wights (D:8)
  5 howler monkeys
  5 electric eels
  A bullfrog zombie (D:7)
  2 centaur zombies
  4 hounds
  A jelly (D:4)
  3 orc priests
  2 centaur skeletons
  Jessica (D:2)
  2 iguanas
  2 orc wizards
  A killer bee zombie (D:7)
  8 mummies (Ossuary)
  Robin (D:3)
  A howler monkey skeleton (D:5)
  7 gnolls
  5 adders
  An ufetubus (D:6)
  A worm (D:3)
  5 dart slugs
  25 orcs
  6 endoplasms (D:1)
  2 giant cockroaches (D:1)
  A gnoll zombie (Ossuary)
  9 goblins
  8 hobgoblins
  2 quokkas
  15 ball pythons
  4 bats
  6 frilled lizards
  2 hobgoblin zombies (Ossuary)
  15 kobolds
  2 kobold zombies (Ossuary)
  3 orc zombies (Ossuary)
  3 rats
344 creatures vanquished.

Vanquished Creatures (others)
  A yak (Lair:2)
  A bush (Lair:2)
  37 fungi
  27 plants
  5 toadstools (D:4)
71 creatures vanquished.

Grand Total: 415 creatures vanquished

Notes
Turn   | Place    | Note
-------+----------+-------------------------------------------
     0 | D:1      | Essalna the Demigod Earth Elementalist began the quest for
                  | the Orb.
     0 | D:1      | Reached XP level 1. HP: 14/14 MP: 5/5
   459 | D:1      | Reached skill level 3 in Earth Magic
   511 | D:1      | Reached XP level 2. HP: 20/20 MP: 7/7
  1387 | D:1      | Reached XP level 3. HP: 24/26 MP: 9/9
  1457 | D:1      | Learned a level 3 spell: Stone Arrow
  2434 | D:2      | Reached skill level 1 in Conjurations
  2445 | D:2      | Reached XP level 4. HP: 12/33 MP: 7/11
  2861 | D:2      | Noticed Jessica
  2862 | D:2      | Killed Jessica
  3094 | D:3      | Noticed Robin
  3181 | D:4      | Reached skill level 4 in Earth Magic
  3297 | D:4      | Reached XP level 5. HP: 33/38 MP: 6/12
  3358 | D:4      | Noticed an ogre
  3363 | D:4      | Killed an ogre
  3539 | D:4      | Noticed an ogre
  3542 | D:4      | Killed an ogre
  3543 | D:4      | Reached XP level 6. HP: 45/45 MP: 1/14
  3684 | D:3      | Noticed Sigmund
  3891 | D:3      | Killed Sigmund
  4155 | D:3      | Killed Robin
  4863 | D:4      | Found a staircase to the Ecumenical Temple.
  5032 | D:4      | Reached skill level 5 in Earth Magic
  5253 | D:4      | Reached XP level 7. HP: 50/50 MP: 9/16
  5522 | D:5      | Entered Level 5 of the Dungeon
  6025 | D:5      | Reached skill level 1 in Fighting
  6187 | D:5      | Noticed Blork the orc
  6194 | D:5      | Killed Blork the orc
  6508 | D:5      | Noticed Grinder
  6511 | D:5      | Killed Grinder
  6512 | D:5      | Reached skill level 5 in Spellcasting
  6512 | D:5      | Reached XP level 8. HP: 61/61 MP: 8/19
  6514 | D:5      | Reached skill level 6 in Earth Magic
  6971 | D:6      | Found Nidgho Yczae's Armour Boutique.
  6993 | D:6      | Reached skill level 5 in Conjurations
  8326 | D:6      | Reached XP level 9. HP: 71/71 MP: 11/21
  8888 | D:7      | Reached skill level 7 in Earth Magic
  8893 | D:7      | Found a flagged portal.
  8902 | Bailey   | Entered a bailey
  9411 | Bailey   | Noticed an orc knight
  9553 | Bailey   | Identified the +1 tower shield of the Bagpipe {rPois Dex+7
                  | Slay-3 Stlth+}
 10243 | D:7      | Reached skill level 5 in Fighting
 11138 | D:8      | Found a staircase to the Lair.
 11150 | D:8      | Found a sand-covered staircase.
 11167 | Ossuary  | Entered an ossuary
 11825 | D:8      | Noticed Maggie
 11832 | D:8      | Killed Maggie
 11922 | D:8      | Found Jaoptusch's Assorted Antiques.
 12009 | Lair:1   | Entered Level 1 of the Lair of Beasts
 12154 | Lair:1   | Reached XP level 10. HP: 26/81 MP: 5/24
 12476 | Lair:1   | Noticed a black mamba
 12484 | Lair:1   | Killed a black mamba
 12485 | Lair:1   | Reached skill level 8 in Earth Magic
 13283 | Lair:1   | Identified the +9 trident "Ahinohis" {freeze, rF+ Will-
                  | Str+2}
 13683 | Lair:2   | Found a transporter.
 13686 | Lair:2   | Noticed Cam Moxe's ghost (journeyman OgHu)
 13965 | Lair:2   | Noticed Fannar
 13994 | Lair:2   | Found a transporter.
 14194 | Lair:2   | Killed Fannar
 14389 | Lair:2   | Reached skill level 9 in Earth Magic
 14411 | Lair:2   | Identified a scroll of acquirement
 14411 | Lair:2   | Acquired a staff of earth
 14412 | Lair:2   | HP: 1/86 [yak (8)]
 14731 | Lair:2   | Noticed Urug
 14745 | Lair:2   | Killed Urug
 14746 | Lair:2   | Reached XP level 11. HP: 47/92 MP: 12/27
 15160 | Lair:2   | Found a staircase to the Snake Pit.
 15695 | Lair:3   | Found a transporter.
 15697 | Lair:3   | Found a transporter.
 15735 | Lair:3   | Noticed Tutuygh's ghost (journeyman KoWr)
 15925 | Lair:3   | Reached skill level 1 in Armour
 16199 | Lair:3   | Noticed a five-headed hydra
 16203 | Lair:3   | Killed a five-headed hydra
 16228 | Lair:3   | Noticed a four-headed hydra
 16233 | Lair:3   | Killed a four-headed hydra
 16585 | Lair:3   | Found a staircase to the Swamp.
 17323 | Lair:4   | Noticed a boulder beetle
 17336 | Lair:4   | Killed a boulder beetle
 17337 | Lair:4   | Reached skill level 10 in Earth Magic
 17481 | Lair:4   | Noticed a seven-headed hydra
 17486 | Lair:4   | Killed a seven-headed hydra
 17913 | Lair:4   | Found a runed translucent door.
 18532 | Lair:4   | Noticed bgiannan's ghost (journeyman GrFi)
 18532 | Lair:4   | Identified the +9 morningstar "Kedghivi" {chaos, rF- Int+4
                  | SInv}
 18532 | Lair:4   | Noticed a +9 morningstar "Kedghivi" {chaos, rF- Int+4 SInv}
 19100 | Lair:5   | Found a runed translucent door.
 19143 | Lair:5   | Noticed a seven-headed hydra
 19162 | Lair:5   | Killed a seven-headed hydra
 19358 | Lair:5   | Noticed an ice dragon
 19359 | Lair:5   | Noticed Gargoyl's ghost (journeyman GnAK)
 19403 | Lair:5   | Found a runed translucent gate.
 19404 | Lair:5   | Found a runed translucent gate.
 19446 | Lair:5   | Found a runed translucent gate.
 19548 | Lair:5   | Reached XP level 12. HP: 103/103 MP: 19/29
 19730 | Lair:5   | Noticed an acid blob
 19751 | Lair:5   | Found a staircase to the Slime Pits.
 19752 | Lair:5   | Noticed an acid blob
 20788 | Lair:5   | Reached skill level 5 in Dodging
 20940 | Lair:6   | Entered Level 6 of the Lair of Beasts
 20940 | Lair:6   | Noticed Viceroy's ghost (journeyman BaIE)
 20940 | Lair:6   | Found a runed translucent door.
 21256 | Lair:6   | Reached skill level 5 in Armour
 21472 | Lair:6   | Noticed an eight-headed hydra
 21477 | Lair:6   | Killed an eight-headed hydra
 21646 | Lair:6   | Noticed a seven-headed hydra
 21942 | Lair:6   | Killed a seven-headed hydra
 21943 | Lair:6   | Reached skill level 11 in Earth Magic
 22125 | Lair:6   | Learned a level 4 spell: Anguish
 22157 | Lair:6   | Reached skill level 10 in Spellcasting
 22609 | Lair:5   | Reached skill level 1 in Hexes
 22755 | Lair:5   | Reached skill level 1 in Necromancy
 23130 | Lair:6   | Reached XP level 13. HP: 107/112 MP: 24/31
 23725 | Lair:6   | HP: 2/113 [small abomination (8)]
 23725 | Lair:6   | Mangled by a small abomination

Illustrated notes

Levels and vault maps discovered:
D:1:      heliophobic_arrival_glass_houses, layout_loops_ring,
          dilly_ecumenical_altar_fadedgnrine, minmay_pentomino_v2
D:2:      layout_basic, minmay_misc_feat_diagonals, uniq_jessica
D:3:      layout_basic, chequers_serial_rivers_small_a, uniq_robin, uniq_sigmund
D:4:      layout_loops_ring, nicolae_dithmenos_shadow_blocks,
          kennysheep_slug_shrine, minmay_temple_entry_poolview, minivault_24,
          minmay_gold_behind_fungi, eino_small_chamber_without_monster
D:5:      layout_cave_pods, uniq_grinder, uniq_blork_the_orc
D:6:      wad_lake_hut, layout_basic, serial_shops, nicolae_shop_hallway_stairs
D:7:      layout_basic, enter_bailey_2, nrook_campfire
D:8:      lemuel_slime, layout_basic, nicolae_tso_swordbearing_angel,
          lair_entry_dummy, serial_shops, kennysheep_mini_moat, enter_ossuary_1,
          uniq_maggie, uniq_grum
Lair:1:   layout_regular_city, beast_lair_carwin_4
Lair:2:   layout_roguey, minmay_snake_entry_guardpost_large,
          gammafunk_ghost_arena, uniq_urug, uniq_fannar
Lair:3:   dpeg_oklob_gauntlet, layout_loops_ring, palyth_hydra_swamp_entry,
          gammafunk_ghost_hive, gauntlet_entry_generic,
          infiniplex_staircase_pool
Lair:4:   layout_regular_city, ebering_ghost_xom, st_stairs_5
Lair:5:   layout_regular_city, slime_altar_2, basic_altar, gammafunk_ghost_icy,
          chequers_serial_rivers_room_a
Lair:6:   hellmonk_lair_end_abyssal_woods, layout_hall_layers,
          hellmonk_ghost_happy_afterlife, nicolae_lair_lil_pond,
          patterned_corridor

Skill      XL: |  1  2  3  4  5  6  7  8  9 10 11 12 |
---------------+-------------------------------------+-----
Spellcasting   | 2 3 4 5 6 8 9 10 | 10.1
Earth Magic    | 3 4 5 6 7 9 10 11 | 11.1
Conjurations   | 1 2 3 4 5 6 7 |  7.2
Fighting       | 2 3 5 7 8 9 |  9.8
Dodging        | 4 6 |  6.2
Armour         | 3 5 |  5.8
Hexes          | 1 |  1.8
Necromancy     | 1 |  1.8
Stealth        | |  1.7
Transmutations | |  0.8

Action                   |  1- 3 |  4- 6 |  7- 9 | 10-12 | 13-15 || total
-------------------------+-------+-------+-------+-------+-------++-------
Melee: Mace              |    82 |    30 |     2 |       |       ||   114
       Punch             |       |     1 |     1 |       |       ||     2
       Trident           |       |       |    66 |    54 |       ||   120
       Dagger            |       |       |    40 |       |       ||    40
       Staff             |       |       |       |     5 |       ||     5
 Cast: Sandblast         |    18 |    16 |    11 |    33 |       ||    78
       Stone Arrow       |       |    23 |   152 |   344 |    34 ||   553
Evoke: Wand              |       |       |     6 |       |       ||     6
  Use: Scroll            |       |       |     4 |    22 |     1 ||    27
       Potion            |       |       |       |    10 |       ||    10
 Stab: Sleeping          |     4 |     3 |     1 |       |       ||     8
Armor: Robe              |    16 |     7 |    24 |       |       ||    47
       Steam dragon scal |       |       |    22 |    94 |     6 ||   122
Dodge: Dodged            |    74 |    29 |   118 |   256 |    18 ||   495

Table legend: (Time is in decaauts)
 A = Elapsed time spent in this place.
 B = Non-inter-level travel time spent in this place.
 C = Inter-level travel time spent in this place.
 D = Time resting spent in this place.
 E = Time spent auto-exploring this place.
 F = Levels seen in this place.
 G = Mean time per level.
                   A        B        C        D        E       F      G
               +--------+--------+--------+--------+--------+-----+--------+
         Total |  23881 |  23295 |    586 |    222 |  20122 |  16 | 1492.6 |
       Dungeon |  10761 |  10432 |    329 |      0 |   9266 |   8 | 1345.1 |
          Lair |  11751 |  11494 |    257 |    222 |   9908 |   6 | 1958.5 |
       Ossuary |    463 |    463 |      0 |      0 |    352 |   1 |  463.0 |
        Bailey |    906 |    906 |      0 |      0 |    595 |   1 |  906.0 |
               +--------+--------+--------+--------+--------+-----+--------+

Top non-repeatable levels by time:
  Lair:5: 2208 daAuts
  Lair:4: 2132 daAuts
  Lair:2: 2114 daAuts
  Lair:6: 2103 daAuts
     D:6: 1954 daAuts
  Lair:3: 1690 daAuts
     D:1: 1669 daAuts
     D:4: 1540 daAuts
  Lair:1: 1501 daAuts
     D:5: 1452 daAuts
     D:2: 1402 daAuts
     D:7: 1337 daAuts
     D:3: 957 daAuts
  Bailey: 906 daAuts
 Ossuary: 463 daAuts
